 Dungeon Crawl Stone Soup version 0.31.0-7-gf635a9b802 (webtiles) character file.

Game seed: 12517389809517770695

163 ProzacElf the Cudgeller (level 5, 0/63 HPs)
             Began as an Armataur Berserker on Jan 23, 2024.
             Was a Believer of Trog.
             Slain by an orc priest
             ... wielding a +0 flail
              (8 damage)
             ... on level 3 of the Dungeon.
             The game lasted 00:02:45 (2036 turns).

ProzacElf the Cudgeller (Armataur Berserker)        Turns: 2036, Time: 00:02:46

Health: 0/63       AC:  7    Str: 23    XL:     5   Next: 20%
Magic:  5/5        EV:  7    Int:  7    God:    Trog [**....]
Gold:   213        SH:  0    Dex: 11    Spells: 4/4 levels left

rFire   . . .        a - +0 flail
rCold   . . .        (no shield)
rNeg    . . .        n - +0 chain mail
rPois   .            (no helmet)
rElec   .            (no cloak)
rCorr   .            (no gloves)
SInv    .            (no barding)
Will    .....        (no amulet) Stlth
                     (no ring)
HPRegen 0.30/turn    (no ring)
MPRegen 1.08/turn

%: roll
@: berserking, very quick
A: large, deformed body, tough skin 3, armoured tail, roll 1
a: Renounce Religion, Berserk, Trog's Hand


You were on level 3 of the Dungeon.
You worshipped Trog.
Trog was pleased with you.
You visited 1 branch of the dungeon, and saw 3 of its levels.

You collected 213 gold pieces.

Inventory:

Hand Weapons
 a - a +0 flail (weapon)
 c - a +0 hand axe
 l - a +0 mace
 r - a +0 war axe
 s - a +0 falchion of draining
Missiles
 d - 2 throwing nets (quivered)
Armour
 b - a +0 animal skin
 n - a +0 chain mail (worn)
Talismans
 h - a flux talisman
Scrolls
 g - 3 scrolls of immolation {unknown}
 k - a scroll of blinking {unknown}
 o - a scroll of teleportation {unknown}
 p - a scroll of poison {unknown}
 q - a scroll of enchant weapon {unknown}
Potions
 e - 3 potions of curing {unknown}
 f - a potion of lignification {unknown}
 i - 4 potions of heal wounds {unknown}
 j - a potion of brilliance {unknown}
 m - 2 potions of ambrosia {unknown}


   Skills:
 - Level 2.6 Fighting
 + Level 4.2 Maces & Flails
 - Level 2.4 Armour
 + Level 3.0 Dodging


You had 4 spell levels left.
You didn't know any spells.
Your spell library was empty.

Dungeon Overview and Level Annotations

Branches:
Dungeon (3/15)

Altars:
Kikubaaqudgha
Zin


Innate Abilities, Weirdness & Mutations

Armour fits poorly on your strangely shaped body.
You have extremely tough skin. (AC +3)
You have a long armoured tail.
You regenerate magic when rolling toward enemies. (Rampage MPRegen)


Message History

Beogh smites ye!
* * * LOW HITPOINT WARNIN'
* * * Tha orc closely misses ye.
Ye take 12 damage, an' haf 11/37 hp.
MASSIVE DAMAGE!!
Ye be too injured ta fight recklessly!
Ye be too injured ta fight recklessly!
Ye be too injured ta fight recklessly!
Ye be too injured ta fight recklessly!
Ye be too injured ta fight recklessly!
Ye be too injured ta fight recklessly!
Ye be too injured ta fight recklessly!
Ye be too injured ta fight recklessly!
Ye be too injured ta fight recklessly!
Ye be too injured ta fight recklessly!
Ye be too injured ta fight recklessly!
Ye be too injured ta fight recklessly!
A red film seems ta co'er yer vision as ye go berserk!
Ye feel yerself movin' faster!
Ye feel mighty!
Tha orc priest closely misses ye.
Tha orc priest begins ta cast a cantrip, but forgets tha words!
Tha orc closely misses ye.
Ye now haf 17/55hp.
Ye sock tha orc priest!
Tha orc priest be severely wounded.
Tha orc priest barely misses ye. x2; Tha orc hits ye wit' a +0 flail.
* * * LOW HITPOINT WARNIN'
* * * Ye take 4 damage, an' haf 13/55 hp.
Ye sock tha orc priest!
Ye kill tha orc priest!
Trog accepts yer kill.
Tha orc barely misses ye.
Tha orc priest hits ye wit' a +0 flail.
* * * LOW HITPOINT WARNIN'
* * * Yer Dodgin' skill increases ta level 3!
Ye haf reached level 5!
Ye take 1 damage, an' haf 12/63 hp.
MP restored: 5 Ye closely miss tha orc priest.
Tha orc hits ye wit' a +0 flail.
* * * LOW HITPOINT WARNIN'
* * * Tha orc priest hits ye wit' a +0 flail!
Ye die...

............#....
#....###.###+###..
#....#............
#....#...#........
#....#####........
#........#.#'#....
#.....<..#.#.#....
#)o......#.#.#....
#@o......#.#.#.<..
#.######.#.#.#....
#.# #.#.#..[.##
#.######.#.#....##
#..(...#.#.#......
#......#.#.#......
#......#.#.#.#.†..
#......#.#.#.#.##.
#............#....


You could see an orc priest and an orc.

Vanquished Creatures
  An orc priest (D:3)
  7 adders
  A gnoll (D:1)
  5 endoplasms
  A giant cockroach (D:1)
  6 goblins
  7 hobgoblins
  4 jackals (D:1)
  9 kobolds
  3 quokkas (D:2)
  5 ball pythons
  2 bats
  2 frilled lizards
  6 rats
59 creatures vanquished.

Notes
Turn   | Place    | Note
-------+----------+-------------------------------------------
     0 | D:1      | ProzacElf the Armataur Berserker began the quest for the
                  | Orb.
     0 | D:1      | Reached XP level 1. HP: 18/18 MP: 1/1
    93 | D:1      | Reached skill level 3 in Maces & Flails
   145 | D:1      | Reached XP level 2. HP: 25/25 MP: 2/2
   516 | D:1      | Found a faded altar of an unknown god.
   544 | D:1      | Reached XP level 3. HP: 22/30 MP: 3/3
   664 | D:2      | Reached ** piety under Trog
   875 | D:2      | Reached XP level 4. HP: 21/37 MP: 4/4
  1331 | D:2      | Reached skill level 4 in Maces & Flails
  1723 | D:3      | Found a glowing silver altar of Zin.
  1888 | D:3      | Found an ancient bone altar of Kikubaaqudgha.
  1972 | D:3      | Reached *** piety under Trog
  2036 | D:3      | Reached XP level 5. HP: 12/42 MP: 5/5
  2036 | D:3      | Slain by an orc priest

Illustrated notes

Levels and vault maps discovered:
D:1:      minmay_arrival_four_loops, layout_basic,
          ebering_ecumenical_altar_abandoned
D:2:      layout_loops_ring, hex_medium, minmay_split_cup_large
D:3:      layout_basic, lemuel_doored_altar, old_standard_altar, serial_glass,
          glass_columns_c, glass_columns_b, serial_shops, shop

Skill      XL: |  1  2  3  4 |
---------------+-------------+-----
Maces & Flails | 3 4 |  4.2
Dodging        | 2 3 |  3.0
Fighting       | |  2.6
Armour         | |  2.4

Action                     |  1- 3 |  4- 6 || total
---------------------------+-------+-------++-------
  Melee: Mace              |    60 |       ||    60
         Tailslap          |     7 |    11 ||    18
         Flail             |    37 |    77 ||   114
         Punch             |       |     1 ||     1
 Invoke: Berserk           |       |     1 ||     1
 Armour: Animal skin       |    66 |     1 ||    67
         Chain mail        |       |    73 ||    73
  Dodge: Dodged            |    55 |    45 ||   100

Action                     |  1- 3 |  4- 6 || total
---------------------------+-------+-------++-------
  Melee: Mace              |    60 |       ||    60
         Tailslap          |     7 |    11 ||    18
         Flail             |    37 |    77 ||   114
         Punch             |       |     1 ||     1
 Invoke: Berserk           |       |     1 ||     1
 Armour: Animal skin       |    66 |     1 ||    67
         Chain mail        |       |    73 ||    73
  Dodge: Dodged            |    55 |    45 ||   100

Levels and vault maps discovered:
D:1:      minmay_arrival_four_loops, layout_basic,
          ebering_ecumenical_altar_abandoned
D:2:      layout_loops_ring, hex_medium, minmay_split_cup_large
D:3:      layout_basic, lemuel_doored_altar, old_standard_altar, serial_glass,
          glass_columns_c, glass_columns_b, serial_shops, shop
